 Dungeon Crawl Stone Soup version 0.23-a0-121-g4413648 (webtiles) character file.

250 00Nightcrawler the Sneak (level 5, -5/22 HPs)
             Began as a Felid Enchanter on Aug 25, 2018.
             Was an Initiate of Wu Jian.
             Killed by divine providence
             ... invoked by an orc priest
              (13 damage)
             ... on level 3 of the Dungeon.
             The game lasted 00:14:46 (5317 turns).

00Nightcrawler the Sneak (Felid Enchanter)          Turns: 5317, Time: 00:14:47

Health: -5/22      AC:  1    Str:  4    XL:     5   Next: 88%
Magic:  0/9        EV: 19    Int: 17    God:    Wu Jian [......]
Gold:   203        SH:  0    Dex: 17    Spells: 2/8 levels left
                                        Lives:  0   Deaths: 1

rFire    . . .     SeeInvis +     - Unarmed
rCold    . . .     Gourm    .   (shield unavailable)
rNeg     . . .     Faith    .   (armour unavailable)
rPois    .         Spirit   .   (helmet unavailable)
rElec    .         Reflect  .   (cloak unavailable)
rCorr    .         Harm     .   (gloves unavailable)
MR       .....                  (boots unavailable)
Stlth    ++++......             (no amulet)
HPRegen  0.07/turn              (no ring)
MPRegen  0.11/turn              (no ring)

@: very slightly contaminated, quick
A: very small, no armour, no weapons or thrown items, stealth, claws 1, fangs 3,
see invisible, carnivore, speed 1, shaggy fur 1, slow metabolism 1, sharp paws
a: Renounce Religion


You were on level 3 of the Dungeon.
You worshipped Wu Jian.
Wu Jian was noncommittal.
You were not hungry.

You visited 2 branches of the dungeon, and saw 5 of its levels.

You collected 203 gold pieces.

Inventory:

Scrolls
 a - a scroll of remove curse {unknown}
 c - 2 scrolls of teleportation {unknown}
 d - 4 scrolls of identify {unknown}
 e - 2 scrolls of immolation {unknown}
 f - a scroll of random uselessness {unknown}
 g - a scroll of noise {unknown}
 i - 2 scrolls of amnesia {unknown}
 k - a scroll of enchant armour {unknown}
Potions
 h - 2 potions of brilliance {unknown}
 j - a potion of flight {unknown}
Comestibles
 b - 9 rations


   Skills:
 + Level 2.1 Fighting
 + Level 4.1 Dodging
 * Level 6.6 Stealth
 * Level 3.5 Unarmed Combat
 - Level 2.0 Spellcasting
 * Level 5.0 Hexes


You had 2 spell levels left.
You knew the following spells:

 Your Spells              Type           Power        Failure   Level  Hunger
a - Corona                Hex            ###....      2%          1    #......
b - Ensorcelled Hibernat  Hex/Ice        ##....       11%         2    ###....
c - Confuse               Hex            ###.....     8%          3    ###....

Your spell library contained the following spells:

 Spells                   Type           Power        Failure   Level  Hunger
 Tukima's Dance           Hex            ###.....     8%          3    ###....
 Dazzling Spray           Conj/Hex       ##....       21%         3    ###....


Dungeon Overview and Level Annotations

Branches:
Dungeon (4/15)             Temple (1/1) D:4

Altars:
Ashenzari
Cheibriados
Dithmenos
Elyvilon
Fedhas
Gozag
Hepliaklqana
Kikubaaqudgha
Makhleb
Nemelex Xobeh
Okawaru
Qazlal
Ru
Sif Muna
Trog
Uskayaw
Vehumet
Wu Jian
Xom
Yredelemnul
Zin
The Shining One

Annotations:
D:3 exclusion: centaur
D:4 2 runed doors, popps's ghost, novice HOMo


Innate Abilities, Weirdness & Mutations

You cannot wear armour.
You are incapable of wielding weapons or throwing items.
Your paws allow you to move quietly. (Stealth)
You have sharp claws.
You have razor-sharp teeth.
You have supernaturally acute eyesight. (SInv)
You are carnivorous and can eat meat at any time.
You cover ground quickly.
You are covered in fur. (AC +1)
You have a slow metabolism.
Your sharp claws are effective at attacking unaware monsters.


Message History

Confirm with . or Enter, or press ? or * to list all spells.
Aiming: Ensorcelled Hibernation (safe; 11% risk of failure)
Press: ? - help, Shift-Dir - straight line, f/p - orc priest
Aim: an orc priest, wielding a dagger and wearing a runed leather armour (chance to defeat MR: 41%)
You miscast Ensorcelled Hibernation.
Nothing appears to happen.
The orc priest hits you with a dagger. The orc priest closely misses you.
You climb upwards.
Level annotation: exclusion: centaur
There is a stone staircase leading down here.
Casting: Ensorcelled Hibernation (safe; 11% risk of failure)
Confirm with . or Enter, or press ? or * to list all spells.
Aiming: Ensorcelled Hibernation (safe; 11% risk of failure)
Press: ? - help, Shift-Dir - straight line, f - orc priest
Aim: an orc priest, wielding a dagger and wearing a runed leather armour (chance to defeat MR: 41%)
The orc priest resists with some effort.
The orc priest invokes the aid of Beogh against you.
Beogh smites you!
Ouch! That really hurt!
You die...

..........#...######.####.......#
.<.....##.#...# #..# ##.....##
.......##.....# #.## ###.###
........###...# #.#######..####
..>...#.##....# ##.##..........#
..#...........####..##..>......)#
.###.........#...#..............#
.###...#....#...................#
.#..............@..o............#
....###.........)...............#
....................)...........#
................................#
..........<..#...##....##########
.#..####.....######...##
..#....#.....##.....###
#..###.#.....##.#####
.....#.###......#


You could see an orc priest.

Vanquished Creatures
  An ogre (D:4)
  2 scorpions
  An orc priest (D:4)
  A hound skeleton (D:4)
  Robin (D:1)
  3 adders
  2 oozes
  2 adder skeletons (D:4)
  2 worms
  2 leopard geckos
  2 orcs (D:4)
  2 ball pythons
  8 goblins
  2 hobgoblins (D:1)
  4 jackals
  8 bats
  6 frilled lizards
  5 kobolds
  7 rats
61 creatures vanquished.

Notes
Turn   | Place    | Note
-------+----------+-------------------------------------------
     0 | D:1      | 00Nightcrawler the Felid Enchanter began the quest for the Orb.
     0 | D:1      | Reached XP level 1. HP: 7/7 MP: 4/4
   187 | D:1      | Reached XP level 2. HP: 4/12 MP: 3/6
   390 | D:1      | Learned a level 2 spell: Ensorcelled Hibernation
  1580 | D:2      | Reached XP level 3. HP: 15/15 MP: 7/7
  2024 | D:2      | Noticed Robin
  2108 | D:2      | Reached skill level 1 in Fighting
  2424 | D:2      | Reached skill level 5 in Stealth
  2439 | D:2      | Learned a level 3 spell: Confuse
  2845 | D:2      | Reached skill level 5 in Hexes
  3046 | D:1      | Killed Robin
  3046 | D:1      | Reached XP level 4. HP: 13/19 MP: 1/8
  3723 | D:3      | Found a white marble altar of Elyvilon.
  3744 | D:3      | Noticed a centaur
  4124 | D:3      | Reached XP level 5. HP: 22/22 MP: 0/9
  4316 | D:4      | Slain by an orc wizard
  4317 | D:4      | Reached XP level 4. HP: -1/19 MP: 1/8
  4368 | D:4      | Reached skill level 6 in Stealth
  4368 | D:4      | Reached XP level 5. HP: 22/22 MP: 9/9
  4441 | D:4      | Found a staircase to the Ecumenical Temple.
  4446 | Temple   | Entered the Ecumenical Temple
  4581 | Temple   | Became a worshipper of the Wu Jian Council
  4597 | D:4      | Noticed an ogre
  4598 | D:4      | Killed an ogre
  4648 | D:4      | Found a large runed door.
  4648 | D:4      | Found a large runed door.
  4651 | D:4      | Noticed popps's ghost (novice HOMo)
  5317 | D:3      | Killed from afar by an orc priest

Vault maps used:
D:1:      minmay_arrival_three_doors
D:2:      uniq_robin
D:3:      elyvilon_altar_3
D:4:      minmay_temple_entry_nine_rooms, first_ration,
          ebering_ghost_disaster_area
Temple:   nicolae_temple_the_god_donut

Skill      XL: |  1  2  3  4  5 |
---------------+----------------+-----
Dodging        | 3 4 |  4.1
Fighting       | 1 2 |  2.1
Unarmed Combat | 2 3 |  3.5
Stealth        | 5 6 |  6.6
Hexes          | 5 |  5.0
Spellcasting   | |  2.0

Action                   |  1- 3 |  4- 6 || total
-------------------------+-------+-------++-------
Melee: Unarmed           |    78 |    48 ||   126
       Bite              |     5 |     4 ||     9
       Punch             |     1 |       ||     1
 Cast: Corona            |     3 |     2 ||     5
       Ensorcelled Hiber |    42 |    32 ||    74
       Confuse           |       |     4 ||     4
Invok: Lunge             |       |     2 ||     2
 Stab: Sleeping          |    29 |    21 ||    50
       Confused          |       |     1 ||     1
  Eat: Chunk             |    14 |     3 ||    17
Armor: Skin              |     7 |     3 ||    10
Dodge: Dodged            |    47 |    39 ||    86

Table legend:
 A = Non-vault XP
 B = Vault XP
 C = Vault XP percentage of total XP
 D = Non-vault monster count
 E = Vault monster count
 F = Vault count percentage of total count
                 A         B        C        D         E       F
            +---------+---------+-------+---------+---------+-------
      Total |     452 |      26 |   5.4 |      54 |       7 |  11.5
            +---------+---------+-------+---------+---------+-------
        D:1 |      33 |      15 |  31.2 |      17 |       1 |   5.6
        D:2 |      48 |      11 |  18.6 |      15 |       6 |  28.6
        D:3 |     101 |       0 |   0.0 |      12 |       0 |   0.0
        D:4 |     270 |       0 |   0.0 |      10 |       0 |   0.0
            +---------+---------+-------+---------+---------+-------
